 Dungeon Crawl Stone Soup version 0.31-a0-859-g9dce7d3444 (webtiles) character file.

Game seed: 10508205701169924797

31143 promet the Warrior (level 13, -3/85 (93) HPs)
             Began as a Kobold Brigand on Oct 8, 2023.
             Was an Elder of Dithmenos.
             Slain by a hell rat (10 damage)
             ... on level 4 of the Lair of Beasts on Oct 9, 2023.
             The game lasted 02:33:41 (26121 turns).

promet the Warrior (Kobold Brigand)                Turns: 26121, Time: 02:33:42

HP:   -3/85 (93)    AC: 12    Str:  8    XL:     13   Next: 94%
MP:   0/27          EV:  9    Int: 16    God:    Dithmenos [****..]
Gold: 1917          SH:  0    Dex: 21    Spells: 22/32 levels left

rFire   . . .        a - +5 short sword (venom)
rCold   . . .        (no shield)
rNeg    . . .        t - +0 troll leather armour
rPois   +            P - +1 helmet {Int+3}
rElec   .            c - +2 cloak
rCorr   .            (no gloves)
SInv    .            (no boots)
Will    .....        r - amulet of guardian spirit
Stlth   ++++++++     u - +4 ring of protection
HPRegen 1.14/turn    Q - ring of poison resistance
MPRegen 0.20/turn

%: guardian spirit
@: petrifying, very slightly contaminated, wreathed by umbra, studying
Spellcasting, drained, very slow
A: small, no large weapons, nightstalker 3
a: Renounce Religion, Shadow Step


You were on level 4 of the Lair of Beasts.
You worshipped Dithmenos.
Dithmenos was greatly pleased with you.
You visited 3 branches of the dungeon, and saw 14 of its levels.

You collected 1917 gold pieces.

Inventory:

Hand Weapons
 a - a +5 short sword of venom (weapon)
 b - the +8 arbalest of Kismet {elec, rF+ SInv}
   (You acquired it on level 1 of the Lair of Beasts)

   rF+:       It protects you from fire.
   SInv:      It lets you see invisible.
 d - a +2 spear
 e - a +6 short sword
 q - a +0 war axe
 v - a +2 vampiric dagger
 G - a +2 short sword of protection
 J - a +6 flail
Missiles
 g - 141 stones
 j - 32 poisoned darts (quivered)
 B - 2 throwing nets
 H - 5 curare-tipped darts
 R - 5 boomerangs
 V - 3 datura-tipped darts
Armour
 c - a +2 cloak (worn)
 t - a +0 troll leather armour (worn)
 x - +0 steam dragon scales
 P - a +1 helmet of intelligence (worn)
Jewellery
 l - a ring of magical power
 r - an amulet of guardian spirit (around neck)
 u - a +4 ring of protection (left hand)
 y - a ring of protection from cold
 I - a ring of fire
 O - a ring of protection from fire
 Q - a ring of poison resistance (right hand)
 T - an amulet of reflection
 W - a ring of magical power
Wands
 n - a wand of roots (4)
 s - a wand of light (20)
 C - a wand of polymorph (11)
 F - a wand of paralysis (14)
 L - a wand of digging (9)
 U - a wand of flame (12)
Scrolls
 o - 2 scrolls of fog
 z - 2 scrolls of identify
 A - a scroll of revelation
 D - a scroll of noise {unknown}
 M - a scroll of silence
Potions
 h - 4 potions of might
 i - a potion of magic
 k - 3 potions of curing
 m - 3 potions of attraction
 E - 4 potions of ambrosia
 K - 2 potions of brilliance
Miscellaneous
 f - a box of beasts (inert)


   Skills:
 - Level 15.9 Fighting
 - Level 8.9 Short Blades
 * Level 8.8 Ranged Weapons
 - Level 3.5 Throwing
 - Level 5.3 Dodging
 - Level 8.8 Stealth
 - Level 10.2 Spellcasting
 - Level 3.1 Fire Magic
 - Level 3.8 Poison Magic
 - Level 11.6 Evocations


You had 22 spell levels left.
You knew the following spells:

 Your Spells              Type           Power      Damage    Failure   Level
a - Apportation           Tloc           16%        N/A       13%         1
b - Ignite Poison         Fire/Tmut/Pois 15%        N/A       16%         3
c - Confusing Touch       Hex            8%         N/A       36%         3
d - Volatile Blastmotes   Fire/Tloc      26%        2d12      21%         3

Your spell library contained the following spells:

 Spells                   Type           Power      Damage    Failure   Level
 Kiss of Death            Conj/Necr      32%        2d7       13%         1
 Dazzling Flash           Conj/Hex       16%        N/A       36%         3
 Sticky Flame             Conj/Fire      13%        2d4       56%         4
 Brom's Barrelling Bould  Conj/Erth      8%         2d3       78%         4
 Dispel Undead            Necr           8%         3d8       78%         4
 Manifold Assault         Tloc           8%         N/A       78%         4
 Fireball                 Conj/Fire      6%         3d5       88%         5
 Iskenderun's Battlesphe  Conj           8%         2d6       98%         5
 Conjure Ball Lightning   Conj/Air       4%         3x3d6     100%        6
 Dispersal                Tloc           4%         N/A       100%        6
 Starburst                Conj/Fire      6%         6d4       100%        6
 Orb of Destruction       Conj           4%         9d5       100%        7
 Disjunction              Tloc           4%         N/A       100%        8
 Ignition                 Fire           9%         3d5       100%        8
 Maxwell's Capacitive Co  Air            4%         ∞         100%        8


Dungeon Overview and Level Annotations

Branches:
Dungeon (9/15)             Temple (1/1) D:7            Lair (4/5) D:9
  Swamp (0/4) Lair:3       Spider (0/4) Lair:2        Slime (0/5) Lair:4
    Orc (0/2) D:9

Altars:
Ashenzari
Dithmenos
Elyvilon
Fedhas
Gozag
Hepliaklqana
Kikubaaqudgha
Makhleb
Nemelex Xobeh
Okawaru
Qazlal
Ru
Sif Muna
Trog
Uskayaw
Vehumet
Xom
Yredelemnul
Zin
The Shining One
Jiyva

Annotations:
Lair:2 1 runed translucent door, demibob's ghost, journeyman TrCK
Lair:3 3 runed translucent doors, quinnr's ghost, journeyman TeVM
Lair:4 1 transporter


Innate Abilities, Weirdness & Mutations

You are small and have problems with some larger weapons.
You are completely attuned to the shadows.


Message History

The hell rat bites you but does no damage.
The hell rat bites you.
* * * LOW HITPOINT WARNING * * *
The rime drake bites you but does no damage.
The hell rat bites you but does no damage. x2
You feel much better. The ice encasing you melts away.
The hell rat closely misses you.
The hell rat twitches its whiskers.
The hell rat completely misses you. The hell rat misses you.
The rime drake bites you. The hell rat barely misses you. x2
The hell rat completely misses you. The hell rat misses you.
You miss the basilisk. The wyvern misses you. The hell rat barely misses you.
The rime drake breathes ice at you. The icy flash freeze misses you.
The icy flash freeze hits the wyvern!
The wyvern is flash-frozen.
The hell rat barely misses you. The hell rat closely misses you.
You hit the hell rat.
The hell rat looks even sicker.
The hell rat is almost dead.
You kill the hell rat!
Dithmenos accepts your kill. The wyvern bites you.
The hell rat closely misses you. The hell rat bites you.
The basilisk gazes at you.
You are slowing down.
The rime drake closely misses you. The hell rat bites you!
* * * LOW HITPOINT WARNING * * *
You feel drained.
* * * LOW HITPOINT WARNING * * *
You hit the basilisk.
The basilisk is poisoned.
The basilisk is lightly wounded.
The wyvern misses you. The hell rat bites you!
* * * LOW HITPOINT WARNING * * *
The hell rat bites you!
* * * LOW HITPOINT WARNING * * *
You feel drained.
* * * LOW HITPOINT WARNING * * *
The hell rat bites you but does no damage.
The rime drake bites you but does no damage.
The hell rat bites you!
You die...

..#.#. ..##. ~. ...##
~#S ....##8. .....## ~
##..... ......##.##
##.?....
....#..##...##.......
........#####..lrl....
...............r@†....
...............krr....
................l.....
....P#................
.........._..†..†.....
....###...>...)†....#.
.....#††.........#l##
†...P.#..........#...
..........#......#r...


You could see 2 basilisks, a rime drake, a wyvern (frozen) and 4 hell rats.

Vanquished Creatures
  A hydra (Lair:3)
  A boulder beetle (D:8)
  A two-headed ogre (D:8)
  A skyshark (Lair:2)
  The ghost of gribnar the Martial Artist, a novice OpSh (D:5)
  An elephant (Lair:3)
  11 cane toads
  3 black mambas
  3 torpor snails
  3 rime drakes
  5 komodo dragons
  A kobold demonologist (D:9)
  A troll (D:8)
  3 meliai (Lair:3)
  A tyrant leech (Lair:1)
  A queen bee (Lair:3)
  3 polar bears
  2 dream sheep
  A hornet (D:9)
  38 yaks
  A wraith (D:6)
  9 basilisks
  9 wyverns
  2 steam dragons
  2 swamp worms (Lair:1)
  16 water moccasins
  2 sky beasts
  Duvessa (D:4)
  8 orc warriors
  A black bear (D:6)
  2 ice beasts
  2 centaurs
  10 wolves
  4 phantoms
  6 kobold brigands
  A gnoll sergeant (D:9)
  12 bullfrogs
  6 scorpions
  13 wights
  Dowan (D:4)
  30 killer bees
  6 howler monkeys
  A vampire bat (D:3)
  An electric eel (D:8)
  4 jellies
  5 hounds
  2 gnoll boudas
  4 orc priests (D:9)
  8 orc wizards
  A sleepcap (D:5)
  4 iguanas
  10 hell rats
  2 adders
  7 gnolls
  A river rat (Lair:3)
  3 shadow imps
  A white imp (D:8)
  5 worms
  A dart slug (D:4)
  3 fire bats (D:3)
  42 orcs
  2 spectral bats (D:3)
  3 bat skeletons (D:3)
  A bat zombie (D:3)
  8 endoplasms
  4 giant cockroaches
  8 goblins
  7 hobgoblins
  2 jackals (D:1)
  31 kobolds
  2 quokkas (D:4)
  9 ball pythons
  13 bats
  A bat simulacrum (D:3)
  3 frilled lizards
  4 rats
429 creatures vanquished.

Vanquished Creatures (collateral kills)
  A yak (Lair:1)
  A wyvern (Lair:4)
  A wolf (Lair:1)
3 creatures vanquished.

Grand Total: 432 creatures vanquished

Notes
Turn   | Place    | Note
-------+----------+-------------------------------------------
     0 | D:1      | promet the Kobold Brigand began the quest for the Orb.
     0 | D:1      | Reached XP level 1. HP: 12/12 MP: 1/1
   224 | D:1      | Reached XP level 2. HP: 17/17 MP: 2/2
   548 | D:1      | Reached XP level 3. HP: 21/21 MP: 3/3
  2354 | D:3      | Reached XP level 4. HP: 25/27 MP: 4/4
  2507 | D:3      | Reached skill level 3 in Fighting
  2509 | D:3      | Reached XP level 5. HP: 33/33 MP: 5/5
  2513 | D:3      | Reached skill level 4 in Fighting
  2807 | D:3      | Reached skill level 5 in Fighting
  2870 | D:3      | Found a hide-covered altar of Uskayaw.
  2876 | D:3      | Found an opulent altar of Gozag.
  2878 | D:3      | Found a faded altar of an unknown god.
  2879 | D:3      | Found a glowing silver altar of Zin.
  2889 | D:3      | Found a faded altar of an unknown god.
  3289 | D:3      | Found a bloodstained altar of Trog.
  3292 | D:3      | Got an uncut book
  3491 | D:4      | Reached XP level 6. HP: 33/40 MP: 6/6
  4026 | D:4      | Noticed Duvessa
  4026 | D:4      | Noticed Dowan
  4545 | D:4      | Reached skill level 6 in Fighting
  4787 | D:4      | Killed Duvessa
  4788 | D:4      | Reached XP level 7. HP: 47/47 MP: 7/7
  4796 | D:4      | Killed Dowan
  4797 | D:4      | Reached skill level 7 in Fighting
  4808 | D:4      | Learned a level 1 spell: Apportation
  4996 | D:4      | Learned a level 3 spell: Ignite Poison
  5434 | D:4      | Identified the +9 whip "Edur" {vamp, rN+++}
  5444 | D:5      | Entered Level 5 of the Dungeon
  5451 | D:5      | Found a runed translucent gate.
  5495 | D:5      | Reached skill level 8 in Fighting
  5597 | D:5      | Upgraded the game from 0.31-a0-854-g362426d53f to
                  | 0.31-a0-859-g9dce7d3444
  5848 | D:5      | Reached XP level 8. HP: 55/55 MP: 8/8
  6014 | D:5      | Reached skill level 9 in Fighting
  6538 | D:5      | Reached skill level 10 in Fighting
  6767 | D:5      | Found a runed translucent gate.
  6767 | D:5      | Noticed gribnar's ghost (novice OpSh)
  6768 | D:5      | Found a runed translucent gate.
  7342 | D:6      | Noticed a wraith
  7359 | D:6      | Killed a wraith
  7628 | D:6      | Reached skill level 11 in Fighting
  7628 | D:6      | Reached XP level 9. HP: 64/64 MP: 9/9
  8211 | D:6      | Reached skill level 12 in Fighting
  8391 | D:6      | Found a hazy altar of Hepliaklqana.
  9710 | D:7      | Reached skill level 13 in Fighting
  9845 | D:7      | Found a staircase to the Ecumenical Temple.
  9854 | Temple   | Entered the Ecumenical Temple
 10759 | D:8      | Reached skill level 1 in Poison Magic
 11002 | D:8      | Reached XP level 10. HP: 69/73 MP: 10/10
 11102 | D:8      | Noticed a two-headed ogre
 11462 | D:8      | Noticed a boulder beetle
 11482 | D:8      | Killed a boulder beetle
 11483 | D:8      | Reached skill level 14 in Fighting
 12723 | D:8      | Killed a two-headed ogre
 12724 | D:8      | Reached skill level 15 in Fighting
 12724 | D:8      | Reached skill level 1 in Ranged Weapons
 12958 | D:8      | Reached skill level 5 in Short Blades
 13680 | D:9      | Found a staircase to the Lair.
 13681 | D:9      | Noticed a komodo dragon
 13913 | D:9      | Reached XP level 11. HP: 78/79 MP: 11/11
 14103 | D:8      | Found a blossoming altar of Fedhas.
 14103 | D:8      | Found a shadowy altar of Dithmenos.
 14245 | D:8      | Found a shimmering blue altar of Sif Muna.
 14245 | D:8      | Found a white marble altar of Elyvilon.
 14248 | D:8      | Became a worshipper of Dithmenos the Shadowed
 15572 | D:9      | Reached * piety under Dithmenos
 15920 | D:9      | Found a staircase to the Orcish Mines.
 16053 | D:9      | Reached skill level 1 in Evocations
 16755 | D:5      | Killed gribnar's ghost
 16905 | Lair:1   | Entered Level 1 of the Lair of Beasts
 16938 | Lair:1   | Reached skill level 1 in Fire Magic
 17672 | Lair:1   | Reached ** piety under Dithmenos
 17673 | Lair:1   | Reached XP level 12. HP: 82/88 MP: 9/12
 17893 | Lair:1   | Identified 3 scrolls of acquirement
 17901 | Lair:1   | Acquired the +8 arbalest of Kismet {elec, rF+ SInv}
 17905 | Lair:1   | Acquired a manual of Spellcasting
 17909 | Lair:1   | Acquired 1087 gold pieces
 17975 | Lair:1   | Reached skill level 1 in Spellcasting
 18441 | Lair:1   | Reached skill level 5 in Dodging
 19359 | Lair:2   | Found a hole to the Spider Nest.
 19374 | Lair:2   | Reached skill level 5 in Evocations
 19526 | Lair:2   | Found a runed translucent door.
 19532 | Lair:2   | Found a shimmering altar of Xom.
 19532 | Lair:2   | Noticed demibob's ghost (journeyman TrCK)
 19533 | Lair:2   | Noticed a +0 war axe of chaos
 20278 | Lair:2   | Noticed a skyshark
 20282 | Lair:2   | Killed a skyshark
 21198 | Lair:3   | Reached skill level 5 in Spellcasting
 21589 | Lair:3   | Reached *** piety under Dithmenos
 21773 | Lair:3   | Reached XP level 13. HP: 93/93 MP: 20/22
 21794 | Lair:3   | Noticed a six-headed hydra
 22273 | Lair:3   | Reached skill level 10 in Evocations
 23256 | Lair:3   | Reached **** piety under Dithmenos
 23335 | Lair:3   | Reached skill level 10 in Spellcasting
 23653 | Lair:3   | Found a staircase to the Swamp.
 23905 | Lair:3   | Found a runed translucent gate.
 23906 | Lair:3   | Found a runed translucent gate.
 23907 | Lair:3   | Noticed an 11-headed hydra
 23909 | Lair:3   | Noticed a nine-headed hydra
 23910 | Lair:3   | Noticed quinnr's ghost (journeyman TeVM)
 24187 | Lair:3   | Killed a six-headed hydra
 24188 | Lair:3   | Reached skill level 5 in Ranged Weapons
 24349 | Lair:3   | Found a runed translucent gate.
 24882 | Lair:4   | Learned a level 3 spell: Confusing Touch
 24905 | Lair:4   | Found a transporter.
 25705 | Lair:4   | Learned a level 3 spell: Volatile Blastmotes
 25917 | Lair:4   | Found a viscous altar of Jiyva.
 25969 | Lair:4   | Found a staircase to the Slime Pits.
 26121 | Lair:4   | Slain by a hell rat

Illustrated notes

Levels and vault maps discovered:
D:1:      onia_arrival_mini_spirals, layout_basic
D:2:      layout_loops_ring
D:3:      layout_rooms, trog_book, chequers_temple_overflow_minitemple,
          goddamned_bats
D:4:      dreamdust_elfheim, layout_basic
D:5:      layout_basic, ebering_ghost_rock_garden
D:6:      layout_basic, nzn_hepliaklqana_mist_gate
D:7:      layout_basic, minmay_temple_entry_statues_pillars,
          minmay_parallelograms, corexii_item_surrounded_by_moat
D:8:      nzn_winding_woodlands_cross [nzn_winding_woodlands_5x15_twine,
          nzn_winding_woodlands_5x15_pool, nzn_winding_woodlands_5x15_sawtooth,
          nzn_winding_woodlands_5x15_sidewinder,
          nzn_winding_woodlands_15x15_eel_pit], layout_basic,
          nicolae_overflow_hidden_temple, nicolae_island_escapes
D:9:      layout_rooms, david_lair_shrubbed, david_orc_5
Temple:   minmay_temple_curvy_loop
Lair:1:   layout_loops_ring, chequers_serial_rivers_small_3, worms_lemuel,
          grunt_megastairs_5
Lair:2:   layout_small_grid, nicolae_spider_entry_non_spiders, ebering_ghost_xom
Lair:3:   regret_index_tunnel_blossom, layout_cellular_growth,
          minmay_swamp_entry_reptiles, gammafunk_ghost_hydra_chop,
          chequers_serial_rivers_micro_a
Lair:4:   layout_gridlike, slime_entry_1, nzn_ghost_randoct, special_room
          [special_room_mythical_zoo], chequers_serial_rivers_micro_c,
          serial_bayou_shore_b

Skill      XL: |  1  2  3  4  5  6  7  8  9 10 11 12 13 |
---------------+----------------------------------------+-----
Short Blades   | 3 5 8 |  8.9
Stealth        | 6 7 8 |  8.8
Fighting       | 3 5 6 8 11 13 15 | 15.9
Poison Magic   | 1 3 |  3.8
Dodging        | 3 4 5 |  5.3
Ranged Weapons | 1 3 4 8 |  8.8
Evocations     | 3 9 11 | 11.6
Fire Magic     | 2 3 |  3.1
Spellcasting   | 6 10 | 10.2
Throwing       | 3 |  3.5

Action                     |  1- 3 |  4- 6 |  7- 9 | 10-12 | 13-15 || total
---------------------------+-------+-------+-------+-------+-------++-------
  Melee: Dagger            |    63 |   175 |       |       |       ||   238
         Short sword       |       |       |   312 |   741 |   378 ||  1431
         Punch             |       |       |     6 |    13 |     8 ||    27
   Fire: Shortbow          |       |       |     6 |     3 |       ||     9
         Orcbow            |       |       |       |    37 |       ||    37
         Arbalest          |       |       |       |    23 |    51 ||    74
  Throw: Dart              |       |     8 |     2 |    15 |     1 ||    26
   Cast: Ignite Poison     |       |       |       |    15 |    20 ||    35
  Evoke: Wand              |       |     2 |     2 |     2 |       ||     6
         Box of beasts     |       |       |       |     2 |     1 ||     3
    Use: Scroll            |     5 |     1 |    10 |    15 |     7 ||    38
         Potion            |       |       |     1 |     2 |     9 ||    12
   Stab: Sleeping          |    27 |    20 |    20 |    23 |     4 ||    94
         Distracted        |       |     1 |     2 |     4 |     3 ||    10
         Invisible         |       |     1 |     2 |       |       ||     3
         Paralysed         |       |       |       |     1 |       ||     1
 Armour: Robe              |    11 |    93 |   161 |    59 |       ||   324
         Steam dragon scal |       |       |       |    37 |       ||    37
         Troll leather arm |       |       |       |   179 |   252 ||   431
  Dodge: Dodged            |    20 |   140 |   186 |   393 |   409 ||  1148

Table legend: (Time is in decaauts)
 A = Elapsed time spent in this place.
 B = Non-inter-level travel time spent in this place.
 C = Inter-level travel time spent in this place.
 D = Time resting spent in this place.
 E = Time spent auto-exploring this place.
 F = Levels seen in this place.
 G = Mean time per level.
                   A        B        C        D        E       F      G
               +--------+--------+--------+--------+--------+-----+--------+
         Total |  25661 |  24664 |    997 |   8040 |   3633 |  14 | 1832.9 |
       Dungeon |  16556 |  15807 |    749 |   4779 |   2431 |   9 | 1839.6 |
        Temple |    149 |    108 |     41 |      0 |      0 |   1 |  149.0 |
          Lair |   8954 |   8747 |    207 |   3261 |   1201 |   4 | 2238.5 |
               +--------+--------+--------+--------+--------+-----+--------+

Top non-repeatable levels by time:
     D:8: 3161 daAuts
  Lair:3: 2939 daAuts
     D:9: 2735 daAuts
  Lair:1: 2397 daAuts
  Lair:2: 2130 daAuts
     D:4: 2005 daAuts
     D:6: 1950 daAuts
     D:5: 1694 daAuts
     D:7: 1559 daAuts
  Lair:4: 1486 daAuts
     D:3: 1380 daAuts
     D:1: 1267 daAuts
     D:2: 801 daAuts
  Temple: 149 daAuts
